 Dungeon Crawl Stone Soup version 0.28.0-53-g5a82cb258f (webtiles) character file.

Game seed: 1115518065302861847

422 clackabat the Cleaver (level 6, -2/52 HPs)
             Began as a Minotaur Monk on July 14, 2022.
             Was a Believer of Okawaru.
             Slain by a sixfirhy (11 damage)
             ... summoned by a kobold demonologist
             ... on level 5 of the Dungeon.
             The game lasted 00:11:38 (4587 turns).

clackabat the Cleaver (Minotaur Monk)               Turns: 4587, Time: 00:11:38

Health: -2/52      AC: 11    Str: 15    XL:     6   Next: 63%
Magic:  5/5        EV: 10    Int:  9    God:    Okawaru [**....]
Gold:   181        SH:  0    Dex: 13    Spells: 5/5 levels left

rFire   . . .      SeeInvis .   a - +0 hand axe
rCold   . . .      Faith    .   (no shield)
rNeg    . . .      Spirit   .   k - +4 scale mail
rPois   .          Reflect  .   (helmet restricted)
rElec   .          Harm     .   (no cloak)
rCorr   .          Rampage  .   j - +0 pair of gloves
Will    .....                   (no boots)
Stlth   ..........              (no amulet)
HPRegen 0.17/turn               (no ring)
MPRegen 0.09/turn               (no ring)

@: mighty, slowed, very slow
A: horns 2, retaliatory headbutt
a: Renounce Religion, Heroism


You were on level 5 of the Dungeon.
You worshipped Okawaru.
Okawaru was pleased with you.
You visited 2 branches of the dungeon, and saw 6 of its levels.
You also visited: Sewer.

You collected 181 gold pieces.

Inventory:

Hand Weapons
 a - a +0 hand axe (weapon)
Missiles
 c - 5 poisoned darts (quivered)
 n - 5 curare-tipped darts
 t - 3 atropa-tipped darts
Armour
 b - a +0 robe
 h - a +0 leather armour
 j - a +0 pair of gloves (worn)
 k - a +4 scale mail (worn)
Scrolls
 d - a scroll of teleportation
 e - 2 scrolls of magic mapping {unknown}
 f - a scroll of fog
 g - 5 scrolls of vulnerability
 p - a scroll of blinking {unknown}
 q - a scroll of enchant armour {unknown}
Potions
 i - a potion of haste {unknown}
 m - 2 potions of cancellation
 o - a potion of flight
 r - a potion of ambrosia {unknown}
 s - a potion of curing


   Skills:
 - Level 3.6 Fighting
 + Level 8.0 Axes
 - Level 2.0 Throwing
 - Level 3.0 Armour
 - Level 3.3 Dodging
 - Level 1.6 Stealth


You had 5 spell levels left.
You didn't know any spells.
Your spell library contained the following spells:

 Spells                   Type           Power      Damage    Failure   Level
 Eringya's Noxious Bog    Tmut/Pois      0%         N/A       100%        6
 Summon Forest            Summ/Tloc      Unusable   N/A       N/A         5
 Summon Hydra             Summ           Unusable   N/A       N/A         7

Dungeon Overview and Level Annotations

Branches:
Dungeon (5/15)             Temple (1/1) D:4           Sewer (visited)

Altars:
Cheibriados
Fedhas
Okawaru
Sif Muna
Xom
Zin
Beogh

Shops:
D:2 :


Innate Abilities, Weirdness & Mutations

You have a pair of horns on your head.
You reflexively headbutt those who attack you in melee.


Message History

Okawaru accepts your kill.
The kobold throws a stone.
The stone hits you but does no damage.
Your Axes skill increases to level 8!
You hit the phantom but do no damage. Your headbutt misses the phantom.
The phantom hits you.
You closely miss the phantom.
The kobold brigand throws a curare-tipped dart.
The curare-tipped dart hits you.
You are poisoned.
You have difficulty breathing.
You feel yourself slow down.
The phantom hits you but does no damage.
The kobold brigand throws a poisoned dart.
The poisoned dart hits you.
You are more poisoned.
The kobold demonologist mumbles some strange words.
A necrophage comes into view.
You feel extremely sick.
You feel better.
The phantom hits you but does no damage.
The phantom barely misses you.
You hit the phantom.
The phantom is lightly damaged.
The phantom hits you.
You closely miss the phantom.
The phantom is lightly damaged.
You closely miss the kobold brigand.
The phantom hits you but does no damage.
The kobold brigand hits you with a +0 short sword.
The phantom hits you but does no damage.
You fail to use your ability.
The kobold brigand hits you with a +0 short sword.
The phantom closely misses you.
The kobold brigand hits you with a +0 short sword.
The sixfirhy misses you.
You feel very mighty all of a sudden.
The sixfirhy hits you but does no damage.
The sixfirhy hits you!
* * * LOW HITPOINT WARNING * * *
The sixfirhy shocks you!
You die...
KK

...##.
#.##.>....
##....n...#
####.K......
.
....3.K..#...
#..K....#
#..<..K.#
###....####
......)#@.#
......KWK3#
#..#..#<.##
?#.....#..#
$$#.....#.##
$!!#.. ....#
#. .## . ##


You could see a sixfirhy (summoned), a phantom, a kobold brigand and a kobold.

Vanquished Creatures
  An orc priest (D:4)
  4 orc wizards (D:4)
  9 adders
  4 gnolls (D:3)
  7 river rats
  An adder skeleton (D:4)
  4 worms
  4 orcs (D:4)
  7 ball pythons
  7 endoplasms
  2 giant cockroaches
  8 goblins
  9 hobgoblins
  6 jackals (D:1)
  7 kobolds
  2 quokkas
  6 bats
  10 frilled lizards
  14 rats
112 creatures vanquished.

Vanquished Creatures (others)
  A withered plant (D:2)
1 creature vanquished.

Grand Total: 113 creatures vanquished

Notes
Turn   | Place    | Note
-------+----------+-------------------------------------------
     0 | D:1      | clackabat the Minotaur Monk began the quest for the Orb.
     0 | D:1      | Reached XP level 1. HP: 19/19 MP: 0/0
   286 | D:1      | Reached skill level 4 in Axes
   573 | D:1      | Reached XP level 2. HP: 24/27 MP: 1/1
   851 | D:1      | Reached skill level 5 in Axes
   929 | D:1      | Reached XP level 3. HP: 33/33 MP: 2/2
  1566 | D:2      | Found a faded altar of an unknown god.
  1606 | D:2      | Reached skill level 1 in Armour
  1791 | D:2      | Found Masysu's Book Emporium.
  1827 | D:2      | Reached XP level 4. HP: 37/40 MP: 3/3
  2109 | D:3      | Reached skill level 1 in Throwing
  2133 | D:3      | Reached XP level 5. HP: 14/46 MP: 4/4
  2302 | D:3      | Reached skill level 6 in Axes
  2327 | D:3      | Found a glowing drain.
  2335 | Sewer    | Entered a sewer
  3001 | Sewer    | Reached XP level 6. HP: 52/52 MP: 5/5
  3125 | D:3      | Found a faded altar of an unknown god.
  3129 | D:3      | Found a snail-covered altar of Cheibriados.
  3549 | D:4      | Found a staircase to the Ecumenical Temple.
  3584 | D:4      | Found a glowing silver altar of Zin.
  3638 | Temple   | Entered the Ecumenical Temple
  3658 | Temple   | Became a worshipper of Warmaster Okawaru
  3658 | Temple   | Reached * piety under Okawaru
  3658 | Temple   | Reached ** piety under Okawaru
  3709 | D:4      | Reached skill level 7 in Axes
  4340 | D:5      | Entered Level 5 of the Dungeon
  4353 | D:5      | Noticed a kobold demonologist
  4580 | D:5      | Reached skill level 8 in Axes
  4582 | D:5      | Noticed a sixfirhy
  4587 | D:5      | Slain by a sixfirhy

Illustrated notes

Levels and vault maps discovered:
D:1:      kennysheep_arrival_forest, layout_loops_corners
D:2:      layout_rooms, serial_shops, shop_fountains,
          ebering_ecumenical_altar_petrified
D:3:      layout_rooms, nicolae_overflow_ecumenical_swirl,
          lightli_sewer_entry_pipes, hangedman_decor_clover_reticule
D:4:      layout_loops_ring, zin_scriptorium,
          minmay_temple_entry_drinking_statues, kennysheep_orc_chapel
D:5:      nicolae_cairo_tiling, layout_cave_pools,
          nicolae_overflow_crystal_walls, tgw_kikubaaqudgha, enter_ossuary_4,
          serial_park, serial_park_tiny_1, ebering_ghost_rock_garden,
          corexii_item_surrounded_by_moat, due_unseen_surprise
Temple:   eino_wide_crystal_templ

Skill      XL: |  1  2  3  4  5  6 |
---------------+-------------------+-----
Axes           | 4 5 6 8 |  8.0
Armour         | 2 3 |  3.0
Throwing       | 2 |  2.0
Fighting       | |  3.6
Dodging        | |  3.3
Stealth        | |  1.6

Action                   |  1- 3 |  4- 6 || total
-------------------------+-------+-------++-------
Melee: Hand axe          |   110 |   234 ||   344
       Headbutt          |     9 |    49 ||    58
       Punch             |       |     3 ||     3
  Use: Potion            |     3 |     2 ||     5
       Scroll            |       |     7 ||     7
 Stab: Sleeping          |     3 |       ||     3
Armor: Robe              |     7 |       ||     7
       Scale mail        |    26 |   101 ||   127
       Leather armour    |     7 |       ||     7
Dodge: Dodged            |    57 |    80 ||   137
